[ AOE2 MATCH · #505009221 ]
UnrankedMaya vs Teutons
Player's team · WIN
Rival team · LOSS
[ REPLAY ANALYSIS · EXTRACTED FROM THE RECORDED GAME ]
Feudal
10:50
Castle
19:49
Imperial
—
| APM avg | 46.9 |
| APM peak | 105 |
| eAPM avg | 23.2 |
| Villagers / military | 88 / 15 |
Focus
⚔️ 22.9% · 🌾 77.1%
Mangonel ×6 · Spearman ×4 · Plumed Archer ×4 · Monk ×1
Feudal
8:56
Castle
26:41
Imperial
—
| APM avg | 68.7 |
| APM peak | 127 |
| eAPM avg | 38.9 |
| Villagers / military | 68 / 29 |
Focus
⚔️ 24.0% · 🌾 76.0%
Archer ×18 · Knight ×4 · Mangonel ×4 · Scout Cavalry ×2 · Monk ×1
Match map
Initial resources + every placement click. Lines = walls · curves = elevation contours. ◆ gold · ⬟ stone · ● berries · ✦ relic · ◌ wall gap
Your base· ✓ Closed at 19:49 · 47t walls · 3 gate(s)
WryPig's base· ✓ Closed at 26:41 · 30t walls · 4 gate(s)
Smoothed initial terrain · ◌ = detected wall gap · hover for details
Inputs per minute
— OS | pilot - - WryPig
Build order — OS | pilot
First 150 of 176 actions detected
| 0:00 | Queue | Villager (Male) |
| 0:01 | Queue | Villager (Male) |
| 0:02 | Build | House |
| 0:04 | Build | House |
| 0:11 | Queue | Villager (Male) |
| 1:19 | Queue | Villager (Male) |
| 1:48 | Build | Lumber Camp |
| 1:57 | Queue | Villager (Male) |
| 1:58 | Queue | Villager (Male) |
| 2:45 | Queue | Villager (Male) |
| 2:45 | Queue | Villager (Male) |
| 3:17 | Build | House |
| 3:20 | Build | House |
| 3:39 | Queue | Villager (Male) |
| 3:40 | Queue | Villager (Male) |
| 3:40 | Queue | Villager (Male) |
| 4:06 | Queue | Villager (Male) |
| 5:04 | Queue | Villager (Male) |
| 5:04 | Queue | Villager (Male) |
| 5:53 | Queue | Villager (Male) |
| 5:57 | Build | Mill |
| 6:10 | Queue | Villager (Male) |
| 6:17 | Build | Outpost |
| 6:28 | Build | Lumber Camp |
| 6:52 | Queue | Villager (Male) |
| 6:56 | Queue | Villager (Male) |
| 7:08 | Build | Mining Camp |
| 7:33 | Queue | Villager (Male) |
| 7:54 | Build | Farm |
| 8:08 | Queue | Villager (Male) |
| 8:11 | Research | Feudal Age |
| 8:27 | Build | Mining Camp |
| 9:11 | Build | Palisade Wall |
| 10:12 | Build | Palisade Wall |
| 10:17 | Build | Palisade Wall |
| 10:23 | Build | Palisade Wall |
| 10:50 | Age | Feudal Age |
| 10:54 | Queue | Villager (Male) |
| 11:00 | Build | Watch Tower |
| 11:16 | Build | Market |
| 11:17 | Research | Loom |
| 11:18 | Queue | Villager (Male) |
| 11:39 | Build | Farm |
| 11:58 | Queue | Villager (Male) |
| 12:03 | Queue | Villager (Male) |
| 12:10 | Queue | Villager (Male) |
| 12:20 | Queue | Villager (Male) |
| 12:23 | Queue | Villager (Male) |
| 12:32 | Queue | Villager (Male) |
| 12:36 | Build | House |
| 12:38 | Queue | Villager (Male) |
| 12:50 | Queue | Villager (Male) |
| 12:54 | Queue | Villager (Male) |
| 12:58 | Queue | Villager (Male) |
| 12:58 | Queue | Villager (Male) |
| 12:59 | Queue | Villager (Male) |
| 13:01 | Queue | Villager (Male) |
| 13:13 | Queue | Villager (Male) |
| 13:13 | Queue | Villager (Male) |
| 13:43 | Build | Barracks |
| 14:08 | Build | House |
| 14:40 | Queue | Villager (Male) |
| 14:55 | Build | Archery Range |
| 15:30 | Build | House |
| 15:40 | Build | Farm |
| 17:09 | Research | Castle Age |
| 17:17 | Build | House |
| 17:20 | Build | House |
| 17:24 | Build | House |
| 17:33 | Research | Double-Bit Axe |
| 18:01 | Build | Farm |
| 18:02 | Build | Farm |
| 18:03 | Build | Farm |
| 18:18 | Research | Horse Collar |
| 18:38 | Build | Mining Camp |
| 19:20 | Build | Palisade Wall |
| 19:49 | Age | Castle Age |
| 19:51 | Build | Farm |
| 19:56 | Build | Blacksmith |
| 19:59 | Research | Bow Saw |
| 20:00 | Queue | Villager (Male) |
| 20:04 | Build | Farm |
| 20:14 | Queue | Villager (Male) |
| 20:23 | Build | Siege Workshop |
| 20:47 | Queue | Villager (Male) |
| 20:56 | Queue | Mangonel |
| 21:26 | Queue | Mangonel |
| 21:32 | Queue | Villager (Male) |
| 21:45 | Queue | Villager (Male) |
| 23:03 | Queue | Villager (Male) |
| 23:03 | Queue | Villager (Male) |
| 23:05 | Queue | Mangonel |
| 23:06 | Queue | Mangonel |
| 23:06 | Queue | Mangonel |
| 23:31 | Queue | Mangonel |
| 23:31 | Queue | Villager (Male) |
| 23:32 | Queue | Villager (Male) |
| 24:08 | Build | Town Center |
| 24:09 | Queue | Villager (Male) |
| 24:18 | Build | Farm |
| 24:21 | Build | Farm |
| 24:35 | Queue | Villager (Male) |
| 24:39 | Build | Farm |
| 24:47 | Queue | Villager (Male) |
| 24:48 | Build | Farm |
| 25:06 | Build | House |
| 25:07 | Build | House |
| 25:16 | Queue | Villager (Male) |
| 25:46 | Queue | Villager (Male) |
| 25:46 | Queue | Villager (Male) |
| 25:48 | Queue | Spearman |
| 25:49 | Queue | Spearman |
| 26:09 | Queue | Villager (Male) |
| 26:23 | Queue | Villager (Male) |
| 26:24 | Queue | Spearman |
| 26:25 | Queue | Villager (Male) |
| 26:39 | Queue | Villager (Male) |
| 26:57 | Queue | Spearman |
| 26:59 | Queue | Villager (Male) |
| 27:32 | Queue | Villager (Male) |
| 27:33 | Queue | Villager (Male) |
| 27:36 | Queue | Villager (Male) |
| 27:40 | Build | House |
| 27:41 | Build | House |
| 28:00 | Queue | Villager (Male) |
| 28:06 | Queue | Villager (Male) |
| 28:06 | Queue | Villager (Male) |
| 28:23 | Queue | Villager (Male) |
| 28:42 | Build | Town Center |
| 28:43 | Queue | Villager (Male) |
| 28:54 | Queue | Villager (Male) |
| 29:09 | Queue | Villager (Male) |
| 29:33 | Queue | Villager (Male) |
| 29:47 | Build | Monastery |
| 29:51 | Queue | Villager (Male) |
| 30:05 | Queue | Villager (Male) |
| 30:09 | Build | Farm |
| 30:09 | Build | Farm |
| 30:09 | Build | Farm |
| 30:10 | Build | Farm |
| 30:10 | Build | Farm |
| 30:10 | Build | Farm |
| 30:10 | Build | Farm |
| 30:11 | Build | Farm |
| 30:11 | Build | Farm |
| 30:14 | Build | Farm |
| 30:24 | Queue | Villager (Male) |
| 30:41 | Build | Farm |
| 30:41 | Queue | Villager (Male) |
| 30:43 | Build | Farm |
Build order — WryPig
First 150 of 204 actions detected
| 0:00 | Queue | Villager (Male) |
| 0:01 | Queue | Villager (Male) |
| 0:01 | Queue | Villager (Male) |
| 0:02 | Build | House |
| 0:03 | Build | House |
| 0:05 | Queue | Villager (Male) |
| 0:05 | Queue | Villager (Male) |
| 1:15 | Queue | Villager (Male) |
| 1:54 | Build | Lumber Camp |
| 2:00 | Queue | Villager (Male) |
| 2:01 | Queue | Villager (Male) |
| 2:42 | Queue | Villager (Male) |
| 2:42 | Queue | Villager (Male) |
| 2:42 | Queue | Villager (Male) |
| 2:52 | Queue | Villager (Male) |
| 2:52 | Queue | Villager (Male) |
| 2:52 | Queue | Villager (Male) |
| 3:02 | Queue | Villager (Male) |
| 3:02 | Queue | Villager (Male) |
| 3:10 | Build | House |
| 3:39 | Queue | Villager (Male) |
| 4:17 | Queue | Villager (Male) |
| 4:18 | Queue | Villager (Male) |
| 4:24 | Queue | Villager (Male) |
| 4:24 | Queue | Villager (Male) |
| 4:25 | Queue | Villager (Male) |
| 4:54 | Queue | Villager (Male) |
| 4:57 | Queue | Villager (Male) |
| 5:15 | Build | Barracks |
| 5:26 | Research | Loom |
| 6:46 | Research | Feudal Age |
| 6:46 | Research | Feudal Age |
| 7:57 | Queue | Villager (Male) |
| 8:11 | Build | House |
| 8:51 | Queue | Villager (Male) |
| 8:56 | Age | Feudal Age |
| 9:01 | Build | Watch Tower |
| 9:08 | Build | Blacksmith |
| 9:11 | Build | Mining Camp |
| 10:10 | Research | Fletching |
| 10:10 | Research | Fletching |
| 10:10 | Research | Fletching |
| 10:39 | Queue | Villager (Male) |
| 10:39 | Queue | Villager (Male) |
| 10:53 | Build | Watch Tower |
| 11:17 | Queue | Villager (Male) |
| 11:17 | Queue | Villager (Male) |
| 11:45 | Build | Archery Range |
| 11:53 | Queue | Villager (Male) |
| 11:53 | Queue | Villager (Male) |
| 12:40 | Build | House |
| 13:06 | Queue | Villager (Male) |
| 13:06 | Queue | Villager (Male) |
| 13:07 | Queue | Archer |
| 13:07 | Queue | Archer |
| 13:08 | Queue | Archer |
| 13:10 | Build | House |
| 13:36 | Build | Palisade Wall |
| 13:41 | Build | House |
| 13:45 | Build | Palisade Gate |
| 13:49 | Build | Palisade Gate |
| 14:00 | Build | House |
| 14:13 | Build | Watch Tower |
| 14:18 | Queue | Villager (Male) |
| 14:41 | Queue | Villager (Male) |
| 14:56 | Build | Watch Tower |
| 14:59 | Queue | Archer |
| 15:00 | Queue | Archer |
| 15:04 | Build | Mining Camp |
| 15:28 | Build | Mill |
| 15:46 | Build | House |
| 15:54 | Queue | Villager (Male) |
| 15:54 | Queue | Villager (Male) |
| 16:17 | Build | Watch Tower |
| 16:23 | Queue | Archer |
| 16:23 | Queue | Archer |
| 16:45 | Queue | Villager (Male) |
| 16:45 | Queue | Villager (Male) |
| 16:52 | Build | Farm |
| 16:54 | Build | Farm |
| 17:13 | Queue | Archer |
| 17:13 | Queue | Archer |
| 17:29 | Build | Farm |
| 17:31 | Queue | Villager (Male) |
| 17:31 | Queue | Villager (Male) |
| 17:58 | Build | Farm |
| 18:02 | Build | Farm |
| 18:05 | Queue | Villager (Male) |
| 18:06 | Queue | Villager (Male) |
| 18:17 | Queue | Villager (Male) |
| 18:22 | Build | Watch Tower |
| 18:36 | Queue | Archer |
| 18:37 | Queue | Archer |
| 18:42 | Build | Palisade Wall |
| 18:44 | Build | Palisade Wall |
| 18:44 | Build | Palisade Wall |
| 18:45 | Build | Palisade Wall |
| 18:46 | Build | Palisade Wall |
| 18:46 | Build | Palisade Wall |
| 18:48 | Build | Palisade Wall |
| 18:49 | Build | Palisade Wall |
| 18:50 | Build | Palisade Wall |
| 18:57 | Queue | Archer |
| 18:57 | Queue | Archer |
| 18:58 | Queue | Archer |
| 19:32 | Queue | Villager (Male) |
| 19:45 | Queue | Villager (Male) |
| 20:05 | Queue | Archer |
| 20:20 | Build | Farm |
| 20:20 | Queue | Villager (Male) |
| 20:37 | Build | Watch Tower |
| 20:50 | Queue | Villager (Male) |
| 20:51 | Queue | Villager (Male) |
| 20:55 | Build | Farm |
| 20:57 | Build | Farm |
| 21:20 | Queue | Villager (Male) |
| 21:29 | Build | Market |
| 21:51 | Queue | Villager (Male) |
| 21:58 | Build | House |
| 22:05 | Queue | Archer |
| 23:01 | Queue | Villager (Male) |
| 23:01 | Queue | Villager (Male) |
| 23:28 | Build | Stone Wall |
| 23:29 | Build | Stone Wall |
| 23:49 | Build | House |
| 24:01 | Research | Castle Age |
| 24:02 | Research | Castle Age |
| 24:02 | Research | Castle Age |
| 24:28 | Build | Stable |
| 24:33 | Build | Stone Wall |
| 24:45 | Build | Farm |
| 24:46 | Research | Double-Bit Axe |
| 24:47 | Research | Double-Bit Axe |
| 24:49 | Research | Horse Collar |
| 25:07 | Build | Gate |
| 26:03 | Queue | Villager (Male) |
| 26:04 | Queue | Villager (Male) |
| 26:08 | Queue | Scout Cavalry |
| 26:09 | Queue | Scout Cavalry |
| 26:14 | Research | Forging |
| 26:15 | Research | Forging |
| 26:18 | Build | Farm |
| 26:18 | Build | Farm |
| 26:18 | Build | Farm |
| 26:23 | Build | House |
| 26:41 | Age | Castle Age |
| 26:47 | Build | Siege Workshop |
| 26:51 | Queue | Knight |
| 26:52 | Queue | Knight |
| 26:54 | Build | Farm |
Match timeline
| 5:15 | WryPig · first_building Barracks |
| 8:56 | WryPig · age_up feudal |
| 9:11 | OS | pilot · wall_segment Palisade Wall x15 |
| 10:12 | OS | pilot · wall_segment Palisade Wall x15 |
| 10:17 | OS | pilot · wall_segment Palisade Wall x7 |
| 10:23 | OS | pilot · wall_segment Palisade Wall x3 |
| 10:50 | OS | pilot · age_up feudal |
| 11:45 | WryPig · first_building Archery Range |
| 13:36 | WryPig · wall_segment Palisade Wall x1 |
| 13:43 | OS | pilot · first_building Barracks |
| 14:55 | OS | pilot · first_building Archery Range |
| 15:59 | OS | pilot · first_market_buy 100 food |
| 18:42 | WryPig · wall_segment Palisade Wall x1 |
| 18:44 | WryPig · wall_segment Palisade Wall x3 |
| 18:44 | WryPig · wall_segment Palisade Wall x1 |
| 18:45 | WryPig · wall_segment Palisade Wall x1 |
| 18:46 | WryPig · wall_segment Palisade Wall x1 |
| 18:46 | WryPig · wall_segment Palisade Wall x1 |
| 18:48 | WryPig · wall_segment Palisade Wall x3 |
| 18:49 | WryPig · wall_segment Palisade Wall x1 |
| 18:50 | WryPig · wall_segment Palisade Wall x2 |
| 19:20 | OS | pilot · wall_segment Palisade Wall x7 |
| 19:49 | OS | pilot · age_up castle |
| 20:23 | OS | pilot · first_building Siege Workshop |
| 23:03 | WryPig · first_market_sell 100 wood |
| 23:08 | WryPig · first_market_buy 100 food |
| 23:28 | WryPig · wall_segment Stone Wall x1 |
| 23:29 | WryPig · wall_segment Stone Wall x4 |
| 24:28 | WryPig · first_building Stable |
| 24:33 | WryPig · wall_segment Stone Wall x10 |
| 26:41 | WryPig · age_up castle |
| 26:47 | WryPig · first_building Siege Workshop |
| 27:55 | WryPig · wall_segment Palisade Wall x1 |
| 27:59 | WryPig · wall_segment Palisade Wall x1 |
| 28:00 | WryPig · wall_segment Palisade Wall x1 |
| 28:03 | WryPig · wall_segment Palisade Wall x1 |
| 29:47 | OS | pilot · first_building Monastery |
| 29:58 | WryPig · first_building Castle |
| 30:14 | WryPig · first_building Monastery |
| 31:02 | OS | pilot · first_building Castle |
| 31:25 | WryPig · wall_segment Palisade Wall x1 |
| 32:32 | WryPig · resign |
[ AI ANALYSIS · 1 CREDIT ]
What really happened in this match?
Wolo.gg analyzes every decision: build order, eco, micro, common mistakes by bracket. Personalized analysis on WhatsApp or Discord in 30 seconds.
Civ guide
Maya
Perfil
Jugador #2028500